 Dungeon Sprint DCSS version 0.28.0 (webtiles) character file.

Game seed: 11198697465808583466

2767 boopmooplesden the Fighter (level 9, -22/83 HPs)
             Began as a Minotaur Fighter on Feb 12, 2022.
             Was a Follower of Okawaru.
             Shot with an arrow by a centaur warrior (23 damage)
             ... in the Dungeon (Sprint II: "The Violet Keep of Menkaure").
             The game lasted 00:05:36 (1482 turns).

boopmooplesden the Fighter (Minotaur Fighter)       Turns: 1482, Time: 00:05:36

Health: -22/83     AC:  0    Str: 16 (20) XL:     9   Next: 42%
Magic:  7/7        EV: 14    Int:  3      God:    Okawaru [*.....]
Gold:   632        SH:  0    Dex:  8 (11) Spells: 8/8 levels left

rFire   . . .      SeeInvis .   (weapon currently unavailable)
rCold   . . .      Faith    .   (shield currently unavailable)
rNeg    . . .      Spirit   .   (armour currently unavailable)
rPois   .          Reflect  .   (helmet currently unavailable)
rElec   .          Harm     .   (cloak currently unavailable)
rCorr   .          Rampage  .   (gloves currently unavailable)
Will    .....      NoTele   +   (boots currently unavailable)
Stlth   +.........              x - amulet of regeneration
HPRegen 1.03/turn               (ring currently unavailable)
MPRegen 0.10/turn               (ring currently unavailable)

@: pig-form, unable to read, very slow
A: fast, no casting, small, (horns 2), (retaliatory headbutt), deterioration 2,
dopey 1, frail 1, low MP 1, weak 2, inability to read while threatened
a: Renounce Religion, Heroism


You were in the Dungeon.
You worshipped Okawaru.
Okawaru was aware of your devotion.
You were a filthy swine.
You visited 1 branch You collected 1176 gold pieces.
You spent 544 gold pieces at shops.

Inventory:

Hand Weapons
 a - a +0 vampiric long sword
 d - the +1 scimitar of Termination (melded) {pain, rPois rN+ Will+ rCorr}
   (You bought it in a shop in the Dungeon)

   In the hands of one skilled in necromantic magic, it inflicts extra damage on
   living creatures.
   rPois:     It protects you from poison.
   rN:        It protects you from negative energy.
   rCorr:     It protects you from acid and corrosion.
   Will:      It increases your willpower.
Missiles
 t - 3 silver javelins
Armour
 c - a +0 buckler (melded)
 f - a scarf of harm (melded)
 k - a +2 scale mail of fire resistance (melded)
 y - a +1 pair of gloves (melded)
Jewellery
 v - a ring of poison resistance (melded)
 x - an amulet of regeneration (around neck)
Scrolls
 j - a scroll of blinking
 u - a scroll of fog
Potions
 e - 5 potions of curing
 g - a potion of haste
 h - 5 potions of magic
 m - 4 potions of resistance
 q - a potion of heal wounds
 r - 3 potions of flight
 z - 2 potions of brilliance


   Skills:
 + Level 13.5 Fighting
 + Level 13.5 Long Blades
 + Level 13.2 Armour
 + Level 2.4 Dodging
 + Level 1.2 Stealth
 + Level 13.3 Shields


You had 8 spell levels left.
You didn't know any spells.
Your spell library contained the following spells:

 Spells                   Type           Power      Damage    Failure   Level
 Fireball                 Conj/Fire      0%         3d3       100%        5
 Starburst                Conj/Fire      0%         6d3       100%        6
 Ignition                 Fire           0%         3d3       100%        8


Dungeon Overview and Level Annotations

Branches:
Dungeon (1/1)

Altars:
Cheibriados
Dithmenos
Elyvilon
Fedhas
Gozag
Hepliaklqana
Kikubaaqudgha
Makhleb
Nemelex Xobeh
Okawaru
Qazlal
Ru
Sif Muna
Trog
Uskayaw
Vehumet
Wu Jian
Xom
Yredelemnul
Zin
The Shining One
Beogh
Jiyva
Lugonu

Shops:
D !:?==:=!([[([!*

Annotations:
D exclusions: obsidian statue and oklob plant, Kirke, Roxanne


Innate Abilities, Weirdness & Mutations

You are a filthy swine.
You move quickly.
Your equipment is almost entirely melded.
You are incapable of wielding weapons or throwing items.
You cannot cast spells.
((You have a pair of horns on your head.))
((You reflexively headbutt those who attack you in melee.))
Your body often deteriorates upon taking damage.
You are dopey. (Int -2)
You are frail. (-10% HP)
Your magical capacity is low. (-10% MP)
You are very weak. (Str -4)
You sometimes lose the ability to read scrolls when taking damage.


Message History

Kirke is heavily wounded.
Kirke hits you!
Your body deteriorates!
You feel clumsy.
You closely miss Kirke.
Kirke is heavily wounded.
Kirke hits you!
You feel threatened and lose the ability to read scrolls!
Your body deteriorates!
You feel weakened.
You hit Kirke.
Kirke is heavily wounded.
Kirke hits you.
You hit Kirke.
Kirke is heavily wounded.
You feel like a meek peon again.
You can read scrolls again.
Kirke casts a spell at you.
You feel a momentary urge to oink.
There is an open door, spattered with blood here.
Kirke says, "Odis was a nice man, you're awful."
There is an open door here.
There is an open door here.
Really walk into a travel-excluded area?
A centaur warrior comes into view.
The centaur warrior shouts!
You enter the shallow water.
Moving in this stuff is going to be slow.
The centaur warrior wields a +0 shortbow.
The centaur warrior shoots an arrow.
The arrow hits you!!
You feel threatened and lose the ability to read scrolls!
The centaur warrior shoots an arrow.
The arrow hits you!!
* * * LOW HITPOINT WARNING * * *
Kirke points at you and mumbles some strange words.
You barely resist.
The lava snake hisses angrily.
The centaur warrior shoots an arrow.
The arrow completely misses you.
The centaur warrior shoots an arrow.
The arrow hits you!!
* * * LOW HITPOINT WARNING * * *
Your body deteriorates!
You feel clumsy.
The centaur warrior shoots an arrow.
The arrow hits you!!
You die...

∩.∩...#≈#...##.##.#@#..# #..# .#
.∩....'≈'##.'.<@'##.'..####..##.#
∩.....#≈#...##.###..#.z..###...##
▓▓▓▓###≈##.###'# #.##cc..§.≈≈≈)≈≈
J######≈≈####..#####@≈.....§#'###
E#Y. ##≈≈≈#..##.#≈≈≈≈≈≈≈§.≈#..._
(+($#+ #'#≈##.#.##≈≈§≈≈≈≈≈.≈#_._.
$#!##≈##.#≈≈##'##≈§≈§≈≈≈§§≈≈#._._
$###S≈§####≈≈≈≈≈h≈§≈§§≈≈≈§≈≈#_._.
###≈§≈≈ #+++#+++#§§≈≈≈≈≈≈≈#._._
≈SS≈≈ ##§§≈###≈≈#_._.
§S○≈≈≈≈§≈##≈≈#.#§≈#._._
+°≈≈§§§°§≈≈≈+≈≈#'#≈≈#.._.
##§§§°§≈§§≈##≈≈≈§≈≈§####
##§§§≈≈≈≈###########≈≈≈
##+####.......###≈##
#.........##≈#


You could see Kirke, a yaktaur captain, a skeletal warrior, a centaur warrior
and 2 lava snakes.

Vanquished Creatures
  A yaktaur (D)
  3 polar bears (D)
  A hornet (D)
  2 wyverns (D)
  4 neqoxecs (D)
  Menkaure (D)
  4 water moccasins (D)
  4 necrophages (D)
  A hell rat (D)
  3 worms (D)
  A tentacle (D)
25 creatures vanquished.

Vanquished Creatures (others)
  12 tentacles (D)
12 creatures vanquished.

Grand Total: 37 creatures vanquished

Notes
Turn   | Place    | Note
-------+----------+-------------------------------------------
     0 | D        | boopmooplesden the Minotaur Fighter began the quest for the
                  | Orb.
     0 | D        | Reached XP level 1. HP: 19/19 MP: 0/0
     1 | D        | Noticed a neqoxec
     1 | D        | Gained mutation: You are frail. (-10% HP) [a neqoxec]
     2 | D        | Gained mutation: You are weak. (Str -2) [a neqoxec]
     3 | D        | Gained mutation: You sometimes lose the ability to read
                  | scrolls when taking damage. [a neqoxec]
     7 | D        | Killed a neqoxec
     8 | D        | Reached XP level 2. HP: 16/30 MP: 1/1
     8 | D        | Reached XP level 3. HP: 19/35 MP: 2/2
     8 | D        | Reached XP level 4. HP: 23/42 MP: 3/3
     8 | D        | Noticed a neqoxec
     8 | D        | Noticed a neqoxec
     9 | D        | Noticed a neqoxec
    11 | D        | Noticed a water moccasin
    13 | D        | Gained mutation: You have hidden genetic defects. [a
                  | neqoxec]
    15 | D        | HP: 1/42 [neqoxec (7)]
    20 | D        | Killed a neqoxec
    21 | D        | Reached skill level 5 in Long Blades
    21 | D        | Reached XP level 5. HP: 44/51 MP: 4/4
    21 | D        | Reached XP level 6. HP: 48/56 MP: 5/5
    23 | D        | Killed a water moccasin
    24 | D        | Gained mutation: Your body sometimes deteriorates upon
                  | taking damage. [a neqoxec]
    25 | D        | Killed a neqoxec
    25 | D        | Gained mutation: You are dopey. (Int -2) [a neqoxec]
    26 | D        | Reached skill level 10 in Fighting
    26 | D        | Reached skill level 10 in Armour
    26 | D        | Reached skill level 10 in Shields
    27 | D        | Gained mutation: Your magical capacity is low. (-10% MP) [a
                  | neqoxec]
    30 | D        | Killed a neqoxec
    31 | D        | Reached XP level 7. HP: 54/65 MP: 5/5
    40 | D        | Noticed a wyvern
    40 | D        | Noticed a wyvern
    43 | D        | Killed a wyvern
    45 | D        | Gained mutation: Your body often deteriorates upon taking
                  | damage. [hidden defects]
    48 | D        | Killed a wyvern
    73 | D        | Gained mutation: You are very weak. (Str -4) [hidden
                  | defects]
    73 | D        | Lost mutation: You have hidden genetic defects. [hidden
                  | defects expressed]
    98 | D        | Reached XP level 8. HP: 65/74 MP: 6/6
   123 | D        | Found Cett's General Store.
   123 | D        | Found Hyzagali's Distillery.
   123 | D        | Found Laedeffant's Weapon Emporium.
   124 | D        | Found Zetiz's Antique Armour Emporium.
   124 | D        | Found Muvoju's Antique Armour Shoppe.
   124 | D        | Found Buce's Antique Weapon Emporium.
   124 | D        | Found Sistruit's Distillery.
   125 | D        | Found Tisearel's Book Shoppe.
   125 | D        | Found Nemp's Antique Armour Emporium.
   125 | D        | Found Ythruk's Jewellery Emporium.
   125 | D        | Found Lucuuw's Jewellery Shoppe.
   125 | D        | Noticed Menkaure
   125 | D        | Noticed a slime creature
   145 | D        | Killed Menkaure
   146 | D        | Reached skill level 10 in Long Blades
   149 | D        | Found Geulax's Jewellery Shoppe.
   149 | D        | Found Ceamamm's Magic Scroll Emporium.
   149 | D        | Noticed a slime creature
   149 | D        | Noticed a slime creature
   149 | D        | Noticed an oklob plant
   407 | D        | Found Jenom's Distillery.
   407 | D        | Found Piane's Book Shoppe.
   408 | D        | Noticed an iron elemental
   417 | D        | Bought a polished scimitar for 234 gold pieces
   417 | D        | Identified the +1 scimitar of Termination {pain, rPois rN+
                  | Will+ rCorr} (You bought it in a shop in the Dungeon)
   428 | D        | Bought an embroidered scarf for 128 gold pieces
   435 | D        | Bought a shiny scale mail for 182 gold pieces
   448 | D        | Noticed a death yak
   474 | D        | Found a glowing golden altar of the Shining One.
   474 | D        | Found an ornate altar of the Wu Jian Council.
   474 | D        | Found a stormy altar of Qazlal.
   475 | D        | Found a shimmering altar of Xom.
   475 | D        | Found a sacrificial altar of Ru.
   475 | D        | Found a hazy altar of Hepliaklqana.
   476 | D        | Found a basalt altar of Yredelemnul.
   476 | D        | Found a shimmering blue altar of Sif Muna.
   476 | D        | Found a viscous altar of Jiyva.
   477 | D        | Found a glowing silver altar of Zin.
   477 | D        | Found a bloodstained altar of Trog.
   477 | D        | Found an ancient bone altar of Kikubaaqudgha.
   477 | D        | Found a snail-covered altar of Cheibriados.
   478 | D        | Found a hide-covered altar of Uskayaw.
   478 | D        | Found a corrupted altar of Lugonu.
   478 | D        | Found a shadowy altar of Dithmenos.
   479 | D        | Found a radiant altar of Vehumet.
   479 | D        | Found a burning altar of Makhleb.
   479 | D        | Found a white marble altar of Elyvilon.
   480 | D        | Found a sparkling altar of Nemelex Xobeh.
   480 | D        | Found a blossoming altar of Fedhas.
   482 | D        | Found an iron altar of Okawaru.
   482 | D        | Found an opulent altar of Gozag.
   482 | D        | Noticed a hornet
   482 | D        | Noticed a polar bear
   482 | D        | Noticed a polar bear
   483 | D        | Noticed a yaktaur
   483 | D        | Noticed a polar bear
   492 | D        | Became a worshipper of Warmaster Okawaru
   504 | D        | Killed a polar bear
   505 | D        | Reached skill level 1 in Dodging
   507 | D        | Killed a polar bear
   510 | D        | Killed a yaktaur
   510 | D        | Reached * piety under Okawaru
   511 | D        | Reached XP level 9. HP: 76/82 MP: 7/7
   512 | D        | Paralysed by a hornet for 2 turns
   519 | D        | Killed a polar bear
   520 | D        | Reached skill level 1 in Stealth
   745 | D        | Noticed a kraken
  1385 | D        | Noticed an obsidian statue
  1442 | D        | Noticed Kirke
  1442 | D        | Noticed a kobold demonologist
  1443 | D        | Noticed a yaktaur captain
  1443 | D        | Noticed a skeletal warrior
  1443 | D        | Noticed an elephant
  1445 | D        | Identified Roxanne's Grimoire of Transmutation
  1445 | D        | Noticed Roxanne
  1476 | D        | Noticed a centaur warrior
  1482 | D        | HP: 1/83 [centaur warrior/arrow (18)]
  1482 | D        | Shot with an arrow by a centaur warrior

Illustrated notes

Levels and vault maps discovered:
D:        the_violet_keep_of_menkaure [sprint2_stairs_cluster_1,
          sprint2_shoproom, sprint2_temple, sprint2_basic_supplies,
          sprint2_obstacle_5, sprint2_obstacle_3, sprint2_obstacle_6,
          sprint2_obstacle_7, sprint2_obstacle_1, sprint2_timed_cluster_1,
          sprint2_smallroom_cluster_1, sprint2_smallroom_final_cluster_1,
          sprint2_transparent_cluster_1, sprint2_second_timed_cluster_1,
          sprint2_sniper_area_1, sprint2_heavy_combat_area_1,
          sprint2_mutation_trap_area_1, sprint2_forest_area_1,
          sprint2_light_combat_area_1, sprint2_behind_water_1,
          sprint2_near_end_vault_1]

Skill      XL: |  1  2  3  4  5  6  7  8  9 |
---------------+----------------------------+-----
Fighting       | 7 9 10 11 12 13 | 13.5
Long Blades    | 3 5 7 8 11 13 | 13.5
Armour         | 7 8 10 11 12 13 | 13.2
Shields        | 7 9 10 11 12 13 | 13.3
Dodging        | 1 2 |  2.4
Stealth        | 1 |  1.2

Action                   |  1- 3 |  4- 6 |  7- 9 || total
-------------------------+-------+-------+-------++-------
Melee: Long sword        |     3 |    18 |    48 ||    69
       Headbutt          |     1 |     3 |    17 ||    21
       Scimitar          |       |       |    39 ||    39
       Unarmed           |       |       |     8 ||     8
Invok: Heroism           |       |       |     1 ||     1
  Use: Potion            |     1 |     1 |     2 ||     4
       Scroll            |       |       |    10 ||    10
Armor: Scale mail        |       |     6 |    36 ||    42
Dodge: Dodged            |     2 |     3 |    40 ||    45
Block: Buckler           |       |     5 |    34 ||    39
